 Dungeon Crawl Stone Soup version 0.29.1-15-g9cfb28693d (webtiles) character file.

Game seed: 4996639427957017709

5316 croobank the Envoy of Void (level 10, 0/76 HPs)
             Began as a Demonspawn Abyssal Knight on Mar 25, 2023.
             Was a High Priest of Lugonu.
             Slain by a thrashing horror (9 damage)
             ... summoned by Lugonu's corruption
             ... on level 9 of the Dungeon.
             The game lasted 00:33:46 (9612 turns).

croobank the Envoy of Void (DsAK)                   Turns: 9612, Time: 00:33:46

Health: 0/76       AC:  7    Str: 19    XL:     10   Next: 37%
Magic:  12/16      EV: 17    Int: 16    God:    Lugonu [*****.]
Gold:   426        SH:  0    Dex: 14    Spells: 13/18 levels left

rFire   . . .      SeeInvis .   u - +3 demon whip (flame)
rCold   . . .      Faith    .   (no shield)
rNeg    . . .      Spirit   .   b - +0 leather armour
rPois   .          Reflect  .   (helmet restricted)
rElec   .          Harm     .   G - +0 cloak
rCorr   .          Rampage  .   (no gloves)
Will    .....                   z - +1 pair of boots
Stlth   +.........              l - amulet of magic regeneration
HPRegen 0.22/turn               m - +4 ring of evasion
MPRegen 0.55/turn               D - +6 ring of strength

@: no status effects
A: horns 1, powered by pain 1, spiny 1, weakness stinger 1, demonic touch 2
a: Renounce Religion, Depart the Abyss, Bend Space, Banish, Corrupt, Enter the
Abyss


You were on level 9 of the Dungeon.
You worshipped Lugonu.
Lugonu was extremely pleased with you.
You visited 1 branch of the dungeon, and saw 9 of its levels.
You visited the Abyss 1 time.

You collected 426 gold pieces.

Inventory:

Hand Weapons
 a - a +1 hand axe
 d - a +2 flail of protection
 i - a +2 dagger of flaming
 j - a +2 dagger of protection
 u - a +3 demon whip of flaming (weapon)
 A - the +8 trident of Annoyance {venom, rPois rF++ Str-3 Int+2}
   (You took it off an orc on level 4 of the Dungeon)

   It poisons the flesh of those it strikes.
   Str:       It affects your strength (-3).
   Int:       It affects your intelligence (+2).
   rF:        It greatly protects you from fire.
   rPois:     It protects you from poison.
 J - a +0 broad axe
 K - a +1 scimitar of flaming
 L - a +2 hand axe of electrocution
Missiles
 w - a throwing net
 H - 4 javelins
Armour
 b - a +0 leather armour (worn)
 n - a +0 ring mail
 z - a +1 pair of boots (worn)
 G - a +0 cloak (worn)
Jewellery
 l - an amulet of magic regeneration (around neck)
 m - a +4 ring of evasion (left hand)
 p - a +4 ring of protection
 x - a ring of poison resistance
 y - a ring of resist corrosion
 C - a ring of see invisible
 D - a +6 ring of strength (right hand)
Wands
 t - a wand of flame (2)
 E - a wand of charming (6)
 F - a wand of quicksilver (20)
Scrolls
 h - 2 scrolls of teleportation
 o - 2 scrolls of vulnerability
 q - a scroll of amnesia
 v - a scroll of silence
 I - a scroll of magic mapping
Potions
 c - 2 potions of flight
 e - 6 potions of brilliance
 g - 6 potions of curing
 k - a potion of mutation {unknown}
 r - 7 potions of degeneration {unknown}
 s - a potion of ambrosia {unknown}
 B - a potion of resistance {unknown}


   Skills:
 + Level 6.3 Fighting
 - Level 2.4(3.8) Axes
 + Level 4.5(4.8) Maces & Flails
 + Level 5.3 Armour
 + Level 5.0 Dodging
 - Level 4.5 Spellcasting
 * Level 5.5 Conjurations
 - Level 4.5 Fire Magic
 + Level 7.5 Invocations


You had 13 spell levels left.
You knew the following spells:

 Your Spells              Type           Power      Damage    Failure   Level
a - Foxfire               Conj/Fire      76%        2x1d7     2%          1
b - Flame Wave            Conj/Fire      19%        2d7       22%         4

Your spell library contained the following spells:

 Spells                   Type           Power      Damage    Failure   Level
 Shock                    Conj/Air       48%        1d6       6%          1
 Conjure Flame            Conj/Fire      19%        6-21      7%          3
 Dazzling Flash           Conj/Hex       24%        N/A       19%         3
 Inner Flame              Hex/Fire       10%        N/A       22%         3
 Ensorcelled Hibernation  Hex/Ice        6%         N/A       28%         2
 Poisonous Vapours        Pois/Air       6%         N/A       28%         2
 Frozen Ramparts          Ice            6%         1d1       50%         3
 Portal Projectile        Hex/Tloc       6%         N/A       50%         3
 Spider Form              Tmut/Pois      3%         N/A       50%         3
 Swiftness                Air            3%         N/A       50%         3
 Tukima's Dance           Hex            3%         N/A       50%         3
 Iskenderun's Mystic Bla  Conj/Tloc      12%        2d5       52%         4
 Irradiate                Conj/Tmut      6%         3d13      86%         5
 Airstrike                Air            1%         2d(1-17)  88%         4
 Anguish                  Hex/Necr       1%         N/A       88%         4
 Cause Fear               Hex            1%         N/A       88%         4
 Corpse Rot               Necr/Pois/Air  3%         N/A       88%         4
 Ice Form                 Ice/Tmut       3%         N/A       88%         4
 Summon Ice Beast         Ice/Summ       3%         N/A       88%         4
 Starburst                Conj/Fire      9%         6d5       98%         6
 Blade Hands              Tmut           1%         N/A       99%         5
 Dragon Form              Tmut           1%         N/A       100%        7
 Discord                  Hex            1%         N/A       100%        8


Dungeon Overview and Level Annotations

Branches:
Dungeon (9/15)             Temple (0/1) D:5
   Lair: D:8-11         Orc: D:9-12

Altars:
Gozag
Kikubaaqudgha
Nemelex Xobeh
Okawaru
Sif Muna
Vehumet
Xom
Yredelemnul

Annotations:
D:5 1 runed translucent door, sigtrap's ghost, novice FoFi
D:6 3 runed translucent doors, 0gre's ghost, novice GnIE
D:9 corrupted


Innate Abilities, Weirdness & Mutations

You have a pair of small horns on your head.
You sometimes gain a little power by taking damage.
You are partially covered in sharp spines.
You have a small tail.
Your touch may inflict irresistible damage on your foes.


Message History

You feel strangely unstable. The thrashing horror tramples you.
You hold your ground!
The thrashing horror tramples you.
You hold your ground!
The thrashing horror tramples you!
You focus on the pain.
You feel very mighty all of a sudden.
You hold your ground!
The thrashing horror completely misses you.
The apocalypse crab bites the death yak.
The death yak is engulfed in flames!
The apocalypse crab claws the death yak but does no damage.
The death yak closely misses the thrashing horror.
You whack the death yak! You burn the death yak. You headbutt the death yak.
You touch the death yak.
The death yak is moderately wounded.
The thrashing horror completely misses you.
The thrashing horror barely misses you. The yaktaur misses you.
You barely miss the death yak. You headbutt the death yak!
You touch the death yak!
The death yak is severely wounded.
The thrashing horror tramples the death yak!
The death yak holds its ground!
The thrashing horror tramples the death yak.
The death yak holds its ground!
The thrashing horror is struck by your spines.
The thrashing horror barely misses you. The thrashing horror tramples you.
* * * LOW HITPOINT WARNING * * *
You hold your ground!
The death yak gores you!
* * * LOW HITPOINT WARNING * * *
The yak barely misses the apocalypse crab.
The apocalypse crab bites the death yak but does no damage.
The apocalypse crab claws the death yak!
The apocalypse crab freezes the death yak!
The yaktaur hits you but does no damage.
It was a potion of cancellation.
You feel strangely stable.
Your magical effects are unravelling.
You feel magically purged.
You feel a little less mighty now.
You feel a little less agile now.
The thrashing horror is struck by your spines.
The thrashing horror tramples you!
You die...

########## ### ### #
#.........
#.xX#X#y#y..#.#######.
#X5Xc@YYYYY.#...[# #.
#..x####t#####.##.# #.
###.# # #.##.# #. #.#
#.##.# #. #.# #.##.#
#. ..# #.##.####. ###
#.#...#... #>..#.....
###.>.....


You could see 3 death yaks, 2 yaks, 2 killer bees, a neutral apocalypse crab
(summoned, distracted), 3 neutral thrashing horrors, a neutral large abomination
(summoned, distracted), a neutral yaktaur (summoned, distracted), 2 neutral
small abominations and a neutral quasit (summoned, distracted).

Vanquished Creatures
  Maurice (D:8)
  A wyvern (D:7)
  2 yaks (D:9)
  Eustachio (D:4)
  2 steam dragons
  Menkaure (D:7)
  A water moccasin (D:8)
  2 orc warriors
  An ice beast (D:7)
  A black bear (D:4)
  3 centaurs
  4 ogres
  3 phantoms (D:6)
  2 kobold brigands (D:9)
  4 bullfrogs
  2 necrophages
  2 scorpions
  7 killer bees
  9 howler monkeys
  3 orc priests
  2 jellies
  4 hounds
  A gnoll bouda (D:7)
  3 iguanas
  8 orc wizards
  3 gnolls (D:7)
  15 adders
  2 white imps
  2 ufetubi
  2 worms
  3 dart slugs
  35 orcs
  12 ball pythons
  9 endoplasms
  2 giant cockroaches
  5 goblins
  9 hobgoblins
  A jackal (D:3)
  6 quokkas
  6 bats
  4 frilled lizards
  11 kobolds
  12 rats
209 creatures vanquished.

Vanquished Creatures (collateral kills)
  Erica (D:8)
1 creature vanquished.

Vanquished Creatures (others)
  A killer bee (D:9)
  403 foxfires
  2 withered plants (D:5)
406 creatures vanquished.

Grand Total: 616 creatures vanquished

Notes
Turn   | Place    | Note
-------+----------+-------------------------------------------
     0 | Abyss:1  | croobank the Demonspawn Abyssal Knight began the quest for
                  | the Orb.
     0 | Abyss:1  | Reached XP level 1. HP: 18/18 MP: 2/2
     7 | Abyss:1  | Found a corrupted altar of Lugonu.
    16 | D:1      | Escaped the Abyss
    75 | D:1      | Reached skill level 1 in Dodging
   381 | D:1      | Gained mutation: You are partially covered in sharp spines.
                  | [demonic ancestry]
   381 | D:1      | Reached XP level 2. HP: 24/24 MP: 4/4
   397 | D:1      | Learned a level 1 spell: Foxfire
   431 | D:1      | Found a faded altar of an unknown god.
   839 | D:1      | Reached *** piety under Lugonu
  1075 | D:2      | Discovered your monstrous ancestry.
  1075 | D:2      | Gained mutation: Your touch may inflict minor irresistible
                  | damage on your foes. [demonic ancestry]
  1075 | D:2      | Reached XP level 3. HP: 19/29 MP: 2/5
  1383 | D:2      | Reached skill level 3 in Invocations
  1724 | D:2      | Reached skill level 1 in Fire Magic
  1975 | D:2      | Reached skill level 1 in Spellcasting
  1975 | D:2      | Gained mutation: You have a small tail. [demonic ancestry]
  1975 | D:2      | Reached XP level 4. HP: 12/35 MP: 4/6
  2836 | D:3      | Reached XP level 5. HP: 41/41 MP: 1/7
  3385 | D:3      | Reached **** piety under Lugonu
  3398 | D:3      | Noticed an ogre
  3416 | D:3      | Killed an ogre
  3575 | D:3      | Found an ancient bone altar of Kikubaaqudgha.
  3575 | D:3      | Found a basalt altar of Yredelemnul.
  3579 | D:3      | Found an opulent altar of Gozag.
  3640 | D:4      | You fall into a shaft and drop 1 floor!
  3640 | D:5      | Entered Level 5 of the Dungeon
  3641 | D:5      | Noticed an ogre
  3661 | D:5      | Gained mutation: You sometimes gain a little power by
                  | taking damage. [demonic ancestry]
  3661 | D:5      | Reached XP level 6. HP: 30/48 MP: 6/9
  4465 | D:4      | Identified the +8 trident of Annoyance {venom, rPois rF++
                  | Str-3 Int+2}
  4471 | D:4      | Reached skill level 1 in Maces & Flails
  4578 | D:4      | Reached skill level 4 in Invocations
  4725 | D:4      | Noticed Eustachio
  4870 | D:4      | Killed Eustachio
  4871 | D:4      | Reached XP level 7. HP: 54/54 MP: 9/11
  5431 | D:5      | Found a staircase to the Ecumenical Temple.
  5503 | D:5      | Gained mutation: You have a pair of small horns on your
                  | head. [demonic ancestry]
  5503 | D:5      | Reached XP level 8. HP: 59/61 MP: 6/13
  5594 | D:5      | Found a runed translucent door.
  5594 | D:5      | Noticed sigtrap's ghost (novice FoFi)
  6016 | D:6      | Reached skill level 5 in Invocations
  6048 | D:6      | Noticed 0gre's ghost (novice GnIE)
  6049 | D:6      | Found a runed translucent gate.
  6050 | D:6      | Found a runed translucent gate.
  6051 | D:6      | Found a runed translucent gate.
  6323 | D:6      | Noticed a two-headed ogre
  6323 | D:6      | Noticed a komodo dragon
  6669 | D:7      | Reached skill level 1 in Conjurations
  6973 | D:7      | Found a shimmering altar of Xom.
  6991 | D:7      | Reached skill level 5 in Fighting
  6991 | D:7      | Gained mutation: Your touch may inflict irresistible damage
                  | on your foes. [demonic ancestry]
  6991 | D:7      | Reached XP level 9. HP: 68/68 MP: 13/15
  6996 | D:7      | Learned a level 4 spell: Flame Wave
  7012 | D:7      | Reached ***** piety under Lugonu
  7294 | D:7      | Reached skill level 6 in Invocations
  7298 | D:7      | Noticed Menkaure
  7325 | D:7      | Killed Menkaure
  8070 | D:8      | Found a sparkling altar of Nemelex Xobeh.
  8252 | D:8      | Noticed Maurice
  8264 | D:8      | Killed Maurice
  8539 | D:8      | Found an iron altar of Okawaru.
  8807 | D:8      | Noticed Erica
  8821 | D:8      | Killed Erica
  8822 | D:8      | Reached skill level 5 in Armour
  8822 | D:8      | Reached skill level 7 in Invocations
  8822 | D:8      | Reached XP level 10. HP: 76/76 MP: 16/16
  8863 | D:8      | Found a shimmering blue altar of Sif Muna.
  9016 | D:9      | Reached skill level 5 in Conjurations
  9342 | D:9      | Found a radiant altar of Vehumet.
  9593 | D:9      | Reached skill level 5 in Dodging
  9594 | D:9      | Noticed a death yak
  9601 | D:9      | Noticed a death yak
  9603 | D:9      | Noticed a death yak
  9608 | D:9      | Corrupted D:9
  9608 | D:9      | Noticed an apocalypse crab
  9608 | D:9      | Noticed a thrashing horror
  9608 | D:9      | Noticed a thrashing horror
  9611 | D:9      | Noticed a thrashing horror
  9612 | D:9      | Slain by a thrashing horror

Illustrated notes

Levels and vault maps discovered:
D:1:      heliophobic_arrival_ceremonial_halls, layout_basic,
          ebering_ecumenical_altar_rust
D:2:      minmay_chambers_of_ones, layout_basic
D:3:      minmay_octagon_keep, layout_rooms, minitemple
D:4:      layout_gridville, minmay_circle_x, uniq_eustachio
D:5:      layout_basic, minmay_temple_entry_glass, gammafunk_ghost_grave
D:6:      layout_loops_ring, ebering_ghost_rock_garden, minmay_three_doors
D:7:      layout_loops_cross, mainiacjoe_overflow_cross_hatched, uniq_menkaure
D:8:      layout_cave_pods, lemuel_blue_sif_altar, mainiacjoe_overflow_paths,
          okawaru_trees_2, uniq_maurice, uniq_erica
D:9:      layout_loops_ring, mainiacjoe_overflow_tiny_flanked,
          nicolae_overflow_crystal_walls, grunt_dithmenos_smoke_and_mirrors,
          dpeg_lair_monsters

Skill      XL: |  1  2  3  4  5  6  7  8  9 10 |
---------------+-------------------------------+-----
Dodging        | 1 2 3 4 5 |  5.0
Axes           | 2 |  2.4
Armour         | 2 3 4 5 |  5.3
Invocations    | 3 4 5 7 |  7.5
Fire Magic     | 1 2 3 4 |  4.5
Spellcasting   | 1 2 3 4 |  4.5
Maces & Flails | 1 2 4 |  4.5
Fighting       | 4 5 6 |  6.3
Conjurations   | 1 4 5 |  5.5

Action                   |  1- 3 |  4- 6 |  7- 9 | 10-12 || total
-------------------------+-------+-------+-------+-------++-------
Melee: Hand axe          |    64 |    29 |       |       ||    93
       Touch             |     4 |     8 |    20 |    11 ||    43
       Punch             |     1 |     1 |     1 |     2 ||     5
       Tailslap          |       |    10 |    15 |     8 ||    33
       Demon whip        |       |    33 |   114 |    45 ||   192
       Headbutt          |       |       |    17 |     8 ||    25
 Cast: Foxfire           |     1 |    86 |   135 |    17 ||   239
Invok: Corrupt           |       |       |       |     1 ||     1
  Use: Potion            |       |     1 |     3 |     1 ||     5
       Scroll            |       |     5 |    11 |     2 ||    18
 Stab: Sleeping          |     1 |       |       |       ||     1
Armor: Leather armour    |    12 |    11 |    33 |    13 ||    69
Dodge: Dodged            |    35 |    39 |    84 |    44 ||   202
